 Dungeon Crawl Stone Soup version 0.22.1-2-g9c5b331383 (webtiles) character file.

4138 Jerry the Protected (level 10, -10/69 HPs)
             Began as a Halfling Fighter on Nov 29, 2018.
             Was a Priest of Okawaru.
             Killed by the air
             ... invoked by Gastronok
              (16 damage)
             ... on level 9 of the Dungeon.
             The game lasted 00:24:48 (7840 turns).

Jerry the Protected (Halfling Fighter)              Turns: 7840, Time: 00:24:48

Health: -10/69     AC: 24    Str: 20    XL:     10   Next: 52%
Magic:  13/13      EV: 20    Int: 11    God:    Okawaru [***...]
Gold:   279        SH:  0    Dex: 15    Spells: 9/9 levels left

rFire    + + .     SeeInvis .   a - +1 long sword
rCold    x . .     Gourm    .   (shield restricted)
rNeg     . . .     Faith    .   h - +1 fire dragon scales
rPois    +         Spirit   .   g - +0 helmet
rElec    .         Reflect  .   o - +2 cloak of Ru's Vengeance {Slay+3}
rCorr    .         Harm     .   z - +2 pair of gloves
MR       .....                  C - +0 pair of boots
Stlth    +.........             (no amulet)
HPRegen  0.21/turn              t - +5 ring of intelligence
MPRegen  0.13/turn              (no ring)

@: heroism
A: small, mutation resistance 1, poison resistance
a: Heroism, Renounce Religion


You were on level 9 of the Dungeon.
You worshipped Okawaru.
Okawaru was most pleased with you.
You were not hungry.

You visited 2 branches of the dungeon, and saw 10 of its levels.

You collected 574 gold pieces.
You spent 295 gold pieces at shops.

Inventory:

Hand Weapons
 a - a +1 long sword (weapon)
 p - a +2 dagger of venom
Armour
 c - a +0 shield
 g - a +0 helmet (worn)
 h - +1 fire dragon scales (worn)
 o - the +2 cloak of Ru's Vengeance (worn) {Slay+3}
   (You bought it in a shop on level 5 of the Dungeon)

   It affects your accuracy and damage with ranged weapons and melee attacks
   (+3).
 z - a +2 pair of gloves (worn)
 C - a +0 pair of boots (worn)
Jewellery
 t - a +5 ring of intelligence (left hand)
 x - an uncursed ring of fire
Wands
 d - a wand of random effects (55)
 m - a wand of digging (12)
 r - a wand of disintegration (13)
 A - a wand of polymorph (14)
Scrolls
 k - 3 scrolls of identify
 n - 3 scrolls of remove curse
 u - 5 scrolls of teleportation
 y - a scroll of immolation
 B - a scroll of magic mapping
 E - a scroll of fear
 F - a scroll of torment {unknown}
Potions
 e - 2 potions of haste
 i - 3 potions of curing
 j - a potion of berserk rage {unknown}
 l - 2 potions of flight {unknown}
 q - 2 potions of magic
 s - 2 potions of agility {unknown}
 v - 2 potions of ambrosia {unknown}
 w - a potion of lignification {unknown}
 D - a potion of might
Comestibles
 b - 4 chunks of flesh
 f - 13 rations


   Skills:
 + Level 6.9(11.9) Fighting
 + Level 7.1(12.1) Long Blades
 + Level 8.2(13.2) Armour
 + Level 7.3(12.3) Dodging
 - Level 3.2(8.2) Shields
 + Level 5.1 Invocations


You had 9 spell levels left.
You didn't know any spells.
Your spell library contained the following spells:

 Spells                   Type           Power        Failure   Level  Hunger
 Sandblast                Erth           #.....       67%         1    ##.....
 Passwall                 Tmut/Erth      #.......     80%         2    ###....
 Stone Arrow              Conj/Erth      #.....       95%         3    ####...
 Petrify                  Tmut/Erth      #.......     100%        4    #####..
 Lee's Rapid Deconstruct  Erth           #.........   100%        5    ######.


Dungeon Overview and Level Annotations

Branches:
Dungeon (9/15)             Temple (1/1) D:5            Lair (0/6) D:9
    Orc: D:9-12

Altars:
Ashenzari
Cheibriados
Dithmenos
Elyvilon
Fedhas
Gozag
Hepliaklqana
Kikubaaqudgha
Makhleb
Nemelex Xobeh
Okawaru
Qazlal
Ru
Sif Muna
Trog
Uskayaw
Vehumet
Wu Jian
Xom
Yredelemnul
Zin
The Shining One

Shops:
D:5 [(*

Annotations:
D:9 Gastronok


Innate Abilities, Weirdness & Mutations

You are small and have problems with some larger weapons.
You are somewhat resistant to further mutation.
Your system is resistant to poisons. (rPois)


Message History

Gastronok is heavily wounded.
The rat misses you.
You slash Gastronok!
Gastronok is heavily wounded.
Gastronok chants a spell, wobbling all the while.
Gastronok puts on a burst of speed!
The rat bites you but does no damage.
You slash Gastronok!
Gastronok is heavily wounded.
You slash Gastronok!
Gastronok is severely wounded.
The rat barely misses you.
You riposte.
You closely miss the rat.
Gastronok waves his eye-stalks in wide circles.
The air twists around and strikes you!
* * * LOW HITPOINT WARNING * * *
You hit Gastronok.
Gastronok is severely wounded.
The rat closely misses you.
Gastronok waves his eye-stalks in wide circles.
The air twists around and strikes you!
You die...

##########
......b$.#
########.#
...#######w#
.......@r..# #.#
##.#######.# #.#
#.# #.# #.# #.#
######.##### #.#
............# #.#
.####...###.#####.#
#.#...........###
#.#####..........


You could see Gastronok and a rat.

Vanquished Creatures
  2 hippogriffs
  Sigmund (D:3)
  2 yaks
  An orc warrior (D:6)
  An ice beast (D:6)
  3 ogres
  3 phantoms
  A black bear (D:8)
  4 centaurs
  7 bullfrogs
  A big kobold (D:7)
  2 scorpions (D:5)
  5 wights (D:8)
  2 bullfrog zombies
  4 howler monkeys
  6 crimson imps
  A hound (D:5)
  2 centaur skeletons (D:8)
  4 orc priests
  Crazy Yiuf (D:7)
  3 jellies
  3 orc wizards
  Jessica (D:3)
  Natasha (thrice) (D:3)
  6 worker ants
  A hound zombie (D:7)
  Robin (D:3)
  4 gnolls
  5 adders
  A river rat (D:4)
  A shadow imp (D:8)
  3 oozes
  2 adder skeletons
  An adder zombie (D:6)
  3 dart slugs
  A worm (D:3)
  5 leopard geckos
  28 orcs
  2 ball pythons
  9 giant cockroaches
  7 hobgoblins
  10 jackals
  5 quokkas
  7 bats
  8 frilled lizards
  18 goblins
  A jackal skeleton (D:7)
  9 kobolds
  A quokka skeleton (D:6)
  10 rats
212 creatures vanquished.

Vanquished Creatures (others)
  A human (D:3)
  A bush (D:4)
  A plant (D:8)
3 creatures vanquished.

Grand Total: 215 creatures vanquished

Notes
Turn   | Place    | Note
-------+----------+-------------------------------------------
     0 | D:1      | Jerry the Halfling Fighter began the quest for the Orb.
     0 | D:1      | Reached XP level 1. HP: 15/15 MP: 1/1
    43 | D:1      | Reached XP level 2. HP: 20/20 MP: 2/2
   234 | D:1      | Reached skill level 1 in Dodging
   267 | D:1      | Reached XP level 3. HP: 20/25 MP: 3/3
  1100 | D:2      | Reached XP level 4. HP: 26/31 MP: 4/4
  1290 | D:2      | Found a burning altar of Makhleb.
  1304 | D:2      | Reached skill level 4 in Armour
  1304 | D:2      | Reached XP level 5. HP: 36/36 MP: 5/5
  1640 | D:3      | Noticed Sigmund
  1648 | D:3      | Killed Sigmund
  1648 | D:3      | Reached XP level 6. HP: 39/43 MP: 6/6
  1778 | D:3      | Noticed Jessica
  1796 | D:3      | Killed Jessica
  2084 | D:3      | Reached XP level 7. HP: 48/48 MP: 7/7
  2133 | D:3      | Noticed Natasha
  2140 | D:3      | Killed Natasha
  2241 | D:3      | Noticed Natasha
  2258 | D:3      | Killed Natasha
  2258 | D:3      | Reached skill level 5 in Armour
  2464 | D:3      | Gained mutation: Your system is resistant to poisons.
                  | (rPois) [potion of mutation]
  2538 | D:3      | Noticed Natasha
  2545 | D:3      | Killed Natasha
  2688 | D:3      | Found an ancient bone altar of Kikubaaqudgha.
  2688 | D:3      | Noticed a human
  2688 | D:3      | Noticed Robin
  2691 | D:3      | Killed a human
  2698 | D:3      | Killed Robin
  3220 | D:4      | Reached XP level 8. HP: 33/54 MP: 8/8
  3515 | D:4      | Found a blossoming altar of Fedhas.
  3516 | D:4      | Found a stormy altar of Qazlal.
  3542 | D:4      | Found a blossoming altar of Fedhas.
  3615 | D:4      | Reached skill level 5 in Fighting
  3748 | D:4      | Reached skill level 6 in Armour
  3896 | D:5      | Entered Level 5 of the Dungeon
  3908 | D:5      | Reached skill level 5 in Long Blades
  3949 | D:5      | Found Lugyuvun's Assorted Antiques.
  3965 | D:5      | Bought a scroll labeled EWEOMIFAIX for 24 gold pieces
  3965 | D:5      | Bought a scroll labeled ACHU YTALLYNU for 24 gold pieces
  4060 | D:5      | Noticed a yak
  4060 | D:5      | Noticed a yak
  4060 | D:5      | Noticed a yak
  4165 | D:5      | Reached skill level 5 in Dodging
  4190 | D:5      | Found a staircase to the Ecumenical Temple.
  4216 | Temple   | Entered the Ecumenical Temple
  4336 | Temple   | Became a worshipper of Warmaster Okawaru
  4576 | D:5      | Noticed a yak
  4624 | D:5      | Killed a yak
  4624 | D:5      | Reached skill level 1 in Invocations
  4696 | D:4      | Killed a yak
  4696 | D:4      | Reached XP level 9. HP: 57/61 MP: 8/10
  5118 | D:5      | Found Mofol Yptudgh's Weapon Shoppe.
  5146 | D:5      | Found Guqihara's Antique Armour Emporium.
  5207 | D:5      | Bought an encrusted cloak for 247 gold pieces
  5207 | D:5      | Identified the +2 cloak of Ru's Vengeance {Slay+3} (You
                  | bought it in a shop on level 5 of the Dungeon)
  5305 | D:6      | Reached * piety under Okawaru
  5622 | D:6      | Reached skill level 7 in Armour
  6186 | D:7      | Found a runed door.
  6190 | D:7      | Noticed Crazy Yiuf
  6199 | D:7      | Killed Crazy Yiuf
  6199 | D:7      | Reached ** piety under Okawaru
  6486 | D:7      | Reached XP level 10. HP: 65/69 MP: 10/13
  6909 | D:8      | Reached skill level 8 in Armour
  7199 | D:8      | Reached skill level 5 in Invocations
  7328 | D:8      | Found a shadowy altar of Dithmenos.
  7328 | D:8      | Found a hide-covered altar of Uskayaw.
  7329 | D:8      | Found a shattered altar of Ashenzari.
  7607 | D:8      | Reached *** piety under Okawaru
  7783 | D:9      | Found a staircase to the Lair.
  7808 | D:9      | Noticed Gastronok
  7840 | D:9      | Killed from afar by Gastronok

Skill      XL: |  1  2  3  4  5  6  7  8  9 10 |
---------------+-------------------------------+-----
Dodging        | 1 2 3 4 5 6 7 |  7.3
Fighting       | 3 4 5 6 |  6.9
Armour         | 4 5 6 7 8 |  8.2
Long Blades    | 3 4 5 6 7 |  7.1
Invocations    | 1 4 5 |  5.1
Shields        | |  3.2

Action                   |  1- 3 |  4- 6 |  7- 9 | 10-12 || total
-------------------------+-------+-------+-------+-------++-------
Melee: Long sword        |    31 |       |    58 |   124 ||   213
       Dagger            |    46 |    69 |   456 |       ||   571
       Unarmed           |       |       |     5 |       ||     5
       Punch             |       |       |     1 |     1 ||     2
Invok: Heroism           |       |       |     2 |     3 ||     5
Evoke: Wand              |       |       |     9 |       ||     9
  Use: Potion            |       |     2 |     1 |       ||     3
       Scroll            |       |       |    16 |       ||    16
 Stab: Paralysed         |       |       |     4 |       ||     4
  Eat: Chunk             |     1 |     3 |    14 |     5 ||    23
Armor: Scale mail        |    29 |    18 |    15 |       ||    62
       Fire dragon scale |       |       |   150 |    51 ||   201
Dodge: Dodged            |    39 |    41 |   311 |   163 ||   554
       Rpst.: Long sword |     9 |       |    15 |    31 ||    55
